 Dungeon Crawl Stone Soup version 0.24.0-10-g970556be89 (console) character file.

Game seed: 9010520999231650220, levelgen mode: deterministic

408 AlterAsc the Changer (level 6, -4/39 HPs)
             Began as an Octopode Transmuter on Nov 4, 2019.
             Was an Initiate of Sif Muna.
             Slain by a sky beast (6 damage)
             ... on level 5 of the Dungeon.
             The game lasted 00:12:39 (5538 turns).

AlterAsc the Changer (Octopode Transmuter)          Turns: 5538, Time: 00:12:39

Health: -4/39      AC:  2    Str: 11    XL:     6   Next: 88%
Magic:  2/11       EV: 20    Int: 16    God:    Sif Muna [......]
Gold:   211        SH:  0    Dex: 17    Spells: 2/12 levels left

rFire    . . .     SeeInvis .     - Unarmed
rCold    . . .     Gourm    .   (shield currently unavailable)
rNeg     . . .     Faith    .   (helmet currently unavailable)
rPois    x         Spirit   .   (no amulet)
rElec    .         Reflect  .   (no ring)
rCorr    .         Harm     .   (no ring)
MR       .....                  (no ring)
Stlth    ++........             (no ring)
HPRegen  0.13/turn              (no ring)
MPRegen  0.12/turn              (no ring)
                                (no ring)
                                (no ring)

@: spider-form, very slightly contaminated
A: tiny, almost no armour, stealthy swim, (amphibious), 8 rings, (constrict 8)
a: End Transformation, Renounce Religion


You were on level 5 of the Dungeon.
You worshipped Sif Muna.
Sif Muna was noncommittal.
You were very hungry.
You were a venomous arachnid creature.
You visited 2 branches of the dungeon, and saw 6 of its levels.

You collected 211 gold pieces.

Inventory:

Hand Weapons
 o - the +6 hand axe of Haokh {flame, Int+6, unknown}
   (You found it on level 5 of the Dungeon)

   It has been specially enchanted to burn those struck by it, causing extra
   injury to most foes and up to half again as much damage against particularly
   susceptible opponents.
   Big, fiery blades are also staple armaments of hydra-hunters.
   It affects your intelligence (+6).
Missiles
 a - 12 arrows
Wands
 g - a wand of flame (19)
Scrolls
 b - 5 scrolls of identify {unknown}
 e - a scroll of noise {unknown}
 f - a scroll of teleportation {unknown}
 i - 3 scrolls of blinking {unknown}
 j - a scroll of remove curse {unknown}
 k - a scroll of enchant weapon {unknown}
 n - a scroll of random uselessness {unknown}
 p - a scroll of fog {unknown}
Potions
 d - a potion of ambrosia {unknown}
 h - 2 potions of flight {unknown}
 l - a potion of mutation {unknown}
 m - a potion of degeneration {unknown}
Comestibles
 c - 13 rations


   Skills:
 + Level 2.1 Fighting
 - Level 2.1 Dodging
 * Level 4.1 Unarmed Combat
 + Level 3.6 Spellcasting
 - Level 5.0 Transmutations


You had 2 spell levels left.
You knew the following spells:

 Your Spells              Type           Power        Failure   Level  Hunger
a - Beastly Appendage     Tmut           ###...       9%          1    None
b - Sticks to Snakes      Tmut           ###.....     11%         2    ##.....
c - Spider Form           Tmut/Pois      ##........   38%         3    ###....
d - Ice Form              Ice/Tmut       ##......     75%         4    ####...

Your spell library contained the following spells:

 Spells                   Type           Power        Failure   Level  Hunger
 Confusing Touch          Hex            #.....       38%         1    None
 Corona                   Hex            #......      38%         1    None
 Ensorcelled Hibernation  Hex/Ice        #.....       47%         2    ##.....
 Confuse                  Hex            #.......     69%         3    ###....
 Dazzling Spray           Conj/Hex       #.....       69%         3    ###....
 Gell's Gravitas          Tloc           #.........   69%         3    ###....
 Tukima's Dance           Hex            #.......     69%         3    ###....
 Blade Hands              Tmut           ###.......   73%         5    ######.
 Petrify                  Tmut/Erth      ##......     75%         4    ####...
 Yara's Violent Unravell  Hex/Tmut       ##........   96%         5    ######.
 Metabolic Englaciation   Hex/Ice        #.........   100%        5    ######.


Dungeon Overview and Level Annotations

Branches:
Dungeon (5/15)             Temple (1/1) D:4

Altars:
Ashenzari
Cheibriados
Dithmenos
Elyvilon
Fedhas
Gozag
Hepliaklqana
Nemelex Xobeh
Okawaru
Qazlal
Ru
Sif Muna
Trog
Uskayaw
Vehumet
Wu Jian
Xom
Yredelemnul
Zin
The Shining One

Annotations:
D:4 3 runed translucent doors, Acheron's ghost, amateur KoSk


Innate Abilities, Weirdness & Mutations

You cannot wear most types of armour.
You are very stealthy in the water. (Stealth+)
((You are amphibious.))
You can wear up to eight rings at the same time.
((You can use your tentacles to constrict eight enemies at once.))
((Your skin changes colour to match your surroundings (Stealth+).))
((Your rubbery body absorbs attacks. (AC +1, EV +1)))


Message History

The hound is moderately wounded.
The hound closely misses you. The sky beast misses you.
The hound completely misses you.
You closely miss the hound.
The hound is moderately wounded.
The sky beast hits you.
* * * LOW HITPOINT WARNING * * *
The sky beast shocks you.
* * * LOW HITPOINT WARNING * * *
The hound barely misses you.
You hit the hound.
The hound is poisoned.
The hound is severely wounded.
The hound barely misses you. The sky beast misses you.
The hound bites you but does no damage.
You barely miss the hound.
The hound is almost dead.
The sky beast hits you.
* * * LOW HITPOINT WARNING * * *
The sky beast shocks you.
You die...

#.# #.# #.#
#.# #.# #.#
#.# #
#####.#####
......hsY.#
#####.###.#
#.###.###.#
#.......?.#
#####.#####
#.# #.#
##+## #.#
##...## #.#


You could see a sky beast and a hound.

Vanquished Creatures
  2 hounds
  A jelly (D:5)
  Jessica (D:2)
  2 hound skeletons
  A mummy (D:5)
  7 gnolls
  7 adders
  An adder zombie (D:5)
  2 adder skeletons
  3 worms (D:2)
  A leopard gecko (D:1)
  4 orcs
  13 bats
  4 giant cockroaches
  8 goblins
  6 hobgoblins
  5 jackals
  3 kobolds
  A quokka (D:3)
  3 ball pythons
  6 frilled lizards
  5 rats
86 creatures vanquished.

Vanquished Creatures (collateral kills)
  A jelly (D:5)
  2 orcs (D:3)
3 creatures vanquished.

Grand Total: 89 creatures vanquished

Notes
Turn   | Place    | Note
-------+----------+-------------------------------------------
     0 | D:1      | AlterAsc the Octopode Transmuter began the quest for the
                  | Orb.
     0 | D:1      | Reached XP level 1. HP: 13/13 MP: 3/3
   275 | D:1      | Reached XP level 2. HP: 18/18 MP: 3/5
   423 | D:1      | Learned a level 2 spell: Sticks to Snakes
   839 | D:1      | Reached XP level 3. HP: 23/23 MP: 4/6
   980 | D:2      | Learned a level 3 spell: Spider Form
  1198 | D:2      | Reached skill level 3 in Transmutations
  1358 | D:2      | Noticed Jessica
  1632 | D:2      | Reached XP level 4. HP: 17/28 MP: 3/8
  2369 | D:2      | Killed Jessica
  2369 | D:2      | Reached skill level 4 in Transmutations
  2369 | D:2      | Reached XP level 5. HP: 33/33 MP: 5/9
  3050 | D:3      | Learned a level 4 spell: Ice Form
  3501 | D:4      | Found a staircase to the Ecumenical Temple.
  3510 | Temple   | Entered the Ecumenical Temple
  3631 | Temple   | Became a worshipper of Sif Muna the Loreminder
  4105 | D:4      | Found a white marble altar of Elyvilon.
  4118 | D:4      | Reached XP level 6. HP: 35/39 MP: 6/11
  4346 | D:4      | Found a runed translucent gate.
  4346 | D:4      | Found a runed translucent gate.
  4346 | D:4      | Found a runed translucent gate.
  4431 | D:4      | Noticed Acheron's ghost (amateur KoSk)
  4432 | D:4      | Noticed an ice beast
  4628 | D:5      | Entered Level 5 of the Dungeon
  4635 | D:5      | Found a radiant altar of Vehumet.
  4673 | D:5      | Found a snail-covered altar of Cheibriados.
  5120 | D:5      | Reached skill level 5 in Transmutations
  5236 | D:5      | Got a pitted hand axe
  5498 | D:5      | Noticed a sky beast
  5538 | D:5      | Slain by a sky beast

Levels and vault maps discovered:
D:1:      dpeg_arrival_houses_and_road, layout_loops_ring
D:2:      layout_basic, first_ration, uniq_jessica
D:3:      layout_loops_cross
D:4:      layout_basic, minmay_temple_entry_hall, gammafunk_ghost_icy,
          elyvilon_altar_4
D:5:      layout_loops_corners, slow_altar_1, vehumet_altar_wand_db
Temple:   regret_index_temple_mists

Skill      XL: |  1  2  3  4  5  6 |
---------------+-------------------+-----
Transmutations | 3 4 5 |  5.0
Spellcasting   | 3 |  3.6
Fighting       | 2 |  2.1
Unarmed Combat | 4 |  4.1
Dodging        | |  2.1

Action                   |  1- 3 |  4- 6 || total
-------------------------+-------+-------++-------
Melee: Unarmed           |    70 |   171 ||   241
       Kick              |    11 |       ||    11
       Constrict         |    16 |    24 ||    40
       Tentacles         |     9 |    16 ||    25
       Punch             |       |     1 ||     1
 Cast: Beastly Appendage |    11 |       ||    11
       Spider Form       |     1 |    17 ||    18
       Sticks to Snakes  |       |     8 ||     8
  Use: Potion            |       |     2 ||     2
 Stab: Sleeping          |    11 |     3 ||    14
  Eat: Chunk             |     2 |    14 ||    16
Armor: Skin              |     3 |    10 ||    13
Dodge: Dodged            |    34 |   121 ||   155
